 Dungeon Crawl Stone Soup version 0.20-a0-1020-g7b9e4fe (webtiles) character file.

120 Monsterracer the Magician (level 4, -5/30 HPs)
             Began as a Mummy Wizard on Apr 18, 2017.
             Killed from afar by an orc wizard (6 damage)
             ... with a puff of frost
             ... on level 2 of the Dungeon.
             The game lasted 00:15:54 (4510 turns).

Monsterracer the Magician (Mummy Wizard)            Turns: 4510, Time: 00:15:56

Health: -5/30      AC:  3    Str: 10    XL:     4   Next: 75%
Magic:  0/11       EV: 12    Int: 18    God:
Gold:   114        SH:  0    Dex: 10    Spells: 2/13 levels left

rFire    x . .     SeeInvis .   k - +2 mace (venom)
rCold    + . .     Gourm    .   (no shield)
rNeg     + + +     Faith    .   l - +0 robe {MR+}
rPois    ∞         Spirit   .   b - +0 hat
rElec    .         Reflect  .   (no cloak)
rCorr    .         Harm     .   a - +0 pair of gloves
MR       +....                  (no boots)
Stlth    ++........             (no amulet)
Regen    0.1/turn               h - +4 ring of slaying
MPRegen  0.2/turn               (no ring)

@: very slightly contaminated
A: no food or potions, fire vulnerability, cold resistance 1, negative energy
resistance 3, torment resistance, unbreathing
a: no special abilities


You were on level 2 of the Dungeon.
You were not hungry.

You visited 1 branch of the dungeon, and saw 3 of its levels.

You collected 114 gold pieces.

Inventory:

Hand Weapons
 k - a +2 mace of venom (weapon)
Armour
 a - a +0 pair of gloves (worn)
 b - a +0 hat (worn)
 l - a +0 robe of magic resistance (worn)
Jewellery
 h - a +4 ring of slaying (left hand)
Scrolls
 d - 2 scrolls of fog {unknown}
 e - a scroll of identify
 f - 2 scrolls of remove curse {unknown}
 g - 2 scrolls of recharging
 i - a scroll of enchant weapon {unknown}
 j - a scroll of fear {unknown}
 m - 2 scrolls of noise {unknown}
Books
 c - a book of Minor Magic

   Spells                             Type                      Level
   a - Magic Dart                     Conjuration                  1
   b - Blink                          Translocation                2
   c - Call Imp                       Summoning                    2
   d - Slow                           Hexes                        2
   e - Conjure Flame                  Conjuration/Fire             3
   f - Mephitic Cloud                 Conjuration/Poison/Air       3


   Skills:
 - Level 1.5 Dodging
 - Level 1.5 Stealth
 + Level 5.3 Spellcasting
 - Level 2.0 Conjurations
 * Level 2.1 Summonings
 - Level 0.7 Translocations


You had 2 spell levels left.
You knew the following spells:

 Your Spells              Type           Power        Failure   Level  Hunger
a - Magic Dart            Conj           ##..         8%          1    N/A
b - Call Imp              Summ           ##......     10%         2    N/A
c - Blink                 Tloc           N/A          14%         2    N/A
d - Conjure Flame         Conj/Fire      #.......     30%         3    N/A
e - Mephitic Cloud        Conj/Pois/Air  #.......     30%         3    N/A

Dungeon Overview and Level Annotations

Branches:
Dungeon (3/15)

Altars:
Cheibriados


Innate Abilities, Weirdness & Mutations

You do not eat or drink.
Your flesh is vulnerable to fire.
You are immune to poison.
Your flesh is cold resistant. (rC+)
You are immune to negative energy. (rN+++)
You are immune to unholy pain and torment.
You can survive without breathing.


Message History

The orc wizard seems to speed up.
There is an open door here.
You see here a club.
Casting: Call Imp
Confirm with . or Enter, or press ? or * to list all spells.
A beastly little devil appears in a puff of frigid air.
The orc wizard hits your white imp but does no damage.
Your white imp gestures at the orc wizard.
The puff of frost hits the orc wizard.
The orc wizard gestures at your white imp while chanting.
The puff of flame hits your white imp.
Your white imp is burned terribly!
Your white imp dies!
You closely miss the orc wizard.
The orc wizard is heavily wounded.
The orc wizard hits you with a dagger.
* * * LOW HITPOINT WARNING * * *
The orc wizard casts a spell at you. The puff of frost hits you! You resist.
You die...

### #..........#..####.......
#.....##...#..#.!##......
#....>.#.###..#.######''#
#......#......#.##.#.#...
#######....######.)†...#.####
##...###....##...###.####.#
#.
##.....##.[.##...(.##......#
#.
#.......#)..#)......########
#. #..(....'...'o@..(..# #.
#.......#...#.......# #.
##.....##...##.....## #.
##...###...###...## #. #####
#...# ##### #)
##...###...###...## #.
##.....##...##.....## #.
#.......#...#....!..# #.
#..(....'...'.......# ####.


You could see an orc wizard.

Vanquished Creatures
  A worm (D:2)
  4 dart slugs
  3 leopard geckos
  2 orcs (D:3)
  3 giant cockroaches
  8 goblins
  8 hobgoblins
  4 jackals
  7 kobolds
  8 bats
  6 frilled lizards
  7 rats
61 creatures vanquished.

Vanquished Creatures (collateral kills)
  4 adders
  2 dart slugs (D:1)
  2 orcs
  2 giant cockroaches (D:2)
  2 goblins
  2 hobgoblins (D:2)
  4 jackals (D:3)
  2 kobolds (D:2)
  A frilled lizard (D:3)
  2 rats
23 creatures vanquished.

Grand Total: 84 creatures vanquished

Notes
Turn   | Place    | Note
-------+----------+-------------------------------------------
     0 | D:1      | Monsterracer the Mummy Wizard began the quest for the Orb.
     0 | D:1      | Reached XP level 1. HP: 13/13 MP: 5/5
   312 | D:1      | Reached skill level 1 in Conjurations
   469 | D:1      | Reached XP level 2. HP: 9/19 MP: 0/7
   473 | D:1      | Learned a level 2 spell: Call Imp
   625 | D:1      | Learned a level 2 spell: Blink
  1287 | D:1      | Reached skill level 1 in Summonings
  1423 | D:1      | Reached XP level 3. HP: 19/24 MP: 1/9
  1891 | D:1      | Learned a level 3 spell: Conjure Flame
  1895 | D:1      | Learned a level 3 spell: Mephitic Cloud
  1940 | D:2      | Found a snail-covered altar of Cheibriados.
  2805 | D:2      | Reached XP level 4. HP: 30/30 MP: 0/10
  3203 | D:2      | Reached skill level 5 in Spellcasting
  4497 | D:3      | HP: 1/30 [orc wizard/magic dart (5)]
  4510 | D:2      | HP: 1/30 [orc wizard/dagger (1)]
  4510 | D:2      | Killed from afar by an orc wizard

Vault maps used:
D:1:      kennysheep_arrival_forest
D:2:      kennysheep_six_static_rooms, minmay_statues_item,
          kennysheep_big_empty_room, cheibriados_altar_1
D:3:      elyvilon_altar_3, yredelemnul_altar_generic, bloody_trog,
          gammafunk_temple_overflow_wave, hangedman_abyss_or_decor_lesser_grid

Skill      XL: |  1  2  3  4 |
---------------+-------------+-----
Conjurations   | 1 2 |  2.0
Summonings     | 1 2 |  2.1
Spellcasting   | 5 |  5.3
Dodging        | |  1.5
Stealth        | |  1.5
Translocations | |  0.7

Action                   |  1- 3 |  4- 6 || total
-------------------------+-------+-------++-------
Melee: Unarmed           |     1 |       ||     1
       Mace              |     4 |     7 ||    11
 Cast: Magic Dart        |   107 |    55 ||   162
       Call Imp          |    28 |    28 ||    56
  Use: Scroll            |       |     2 ||     2
 Stab: Distracted        |     1 |       ||     1
Armor: Robe              |     5 |    10 ||    15
Dodge: Dodged            |    14 |    23 ||    37
